[Event "Early-Titled-Tuesday-Blitz-March-19-2024"]
[Site "Chess.com"]
[Date "2024.03.19"]
[Round "4"]
[White "Willhaven3"]
[Black "cristiano78"]
[Result "1-0"]
[WhiteElo "2531"]
[BlackElo "2228"]
[TimeControl "180+1"]
[EndTime "8:36:39 PDT"]
[Termination "Willhaven3 won by resignation"]

1. e4 c5 2. Nc3 d6 3. f4 a6 4.
Nf3 Bg4 5. a4 f6 6. Bc4 e6 7.
O-O Nc6 8. h3 Bxf3 9. Qxf3 Nd4 10. Qd1 Ne7 11. d3 d5 12. Ba2 b5 13. f5 b4 14. Ne2 dxe4 15. dxe4 exf5 16. Be3 fxe4 17.
Nxd4 cxd4 18. Bxd4 Qd6 19. c3 bxc3 20. bxc3 Ng6 21.
Qe2 Be7 22. Qxe4 Rd8 23. Rae1 Kf8 24. Kh1 Qa3 25. Qe6 Ke8 26. Qf7+ Kd7 27. Be6+ Kc7 28. Qxg7 Qxa4 29. Bxf6 Rhe8 30. Bf5 Qa3 31. Bxg6 Qc5 1-0

[Event "Early-Titled-Tuesday-Blitz-March-19-2024"]
[Site "Chess.com"]
[Date "2024.03.19"]
[Round "4"]
[White "Sattarov_Bobur"]
[Black "m_ezat"]
[Result "1-0"]
[WhiteElo "2828"]
[BlackElo "2596"]
[TimeControl "180+1"]
[EndTime "8:36:40 PDT"]
[Termination "Sattarov_Bobur won on time"]

1. e4 e5 2. Nf3 Nc6 3. Bc4 Nf6 4. Nc3 h6 5. d4 exd4 6. Nxd4 d6 7. O-O Be7 8. b3 Nd7 9. Bb2 Bf6 10. Nd5 Nxd4 11.
Nxf6+ 1-0

[Event "Early-Titled-Tuesday-Blitz-March-19-2024"]
[Site "Chess.com"]
[Date "2024.03.19"]
[Round "4"]
[White "Hope_6"]
[Black "pirulillo"]
[Result "1-0"]
[WhiteElo "2711"]
[BlackElo "2366"]
[TimeControl "180+1"]
[EndTime "8:36:41 PDT"]
[Termination "Hope_6 won by resignation"]

1. e4 c5 2. Nf3 e6 3. d4 cxd4 4.
Nxd4 Nf6 5. Nc3 Nc6 6. Ndb5 d6 7.
Bf4 e5 8. Bg5 a6 9. Na3 b5 10. Nd5 Be7 11. Bxf6 Bxf6 12. c3 O-O 13. Nc2 Bg5 14. a4 bxa4 15. h4 Bh6 16. Rxa4 a5 17. Bc4 Rb8 18. b3 g6 19. g3 Kg7 20. O-O f5 21. exf5 gxf5 22. f4 Kh8 23. Kh2 Bxf4 24.
Nxf4 exf4 25. Rxf4 Ne5 26. Ne3 Rb7 27. Be2 Rxb3 28.
Qxb3 1-0

[Event "Early-Titled-Tuesday-Blitz-March-19-2024"]
[Site "Chess.com"]
[Date "2024.03.19"]
[Round "4"]
[White "nabukatnezarr"]
[Black "Balla_Tamas"]
[Result "1-0"]
[WhiteElo "2573"]
[BlackElo "2403"]
[TimeControl "180+1"]
[EndTime "8:36:42 PDT"]
[Termination "nabukatnezarr won by resignation"]

1. e4 c5 2. Nc3 Nc6 3. Bc4 e6 4. a3 Nf6 5. Ba2 d5 6. d3 Be7 7. Nge2 O-O 8. O-O Rb8 9. Bg5 b5 10. Ng3 b4 11. axb4 Nxb4 12. Bb3 a5 13. Re1 h6 14.
Bf4 Ba6 15. Bxb8 Qxb8 16. exd5 exd5 17. Rxe7 d4 18. Nce4 Nxe4 19. Nxe4 Qd8 20. Re5 1-0

[Event "Early-Titled-Tuesday-Blitz-March-19-2024"]
[Site "Chess.com"]
[Date "2024.03.19"]
[Round "4"]
[White "Likvidator228"]
[Black "amylazy"]
[Result "1-0"]
[WhiteElo "2592"]
[BlackElo "2417"]
[TimeControl "180+1"]
[EndTime "8:36:50 PDT"]
[Termination "Likvidator228 won by resignation"]

1. d4 Nf6 2. Bf4 g6 3. e3 Bg7 4. Nf3 c5 5. c3 Qb6 6. Qb3 O-O 7. Nbd2 Nc6 8. Qxb6 axb6 9. Nc4 Nd5 10. Bg3 b5 11.
Nce5 Nxe5 12. Bxe5 d6 13. Bxg7 Kxg7 14. Bxb5 Bg4 15.
Nd2 cxd4 16. exd4 Nf4 17. O-O Ra5 18. a4 Be2 19. Bxe2 Nxe2+ 20. Kh1 Rfa8 21. Rae1 Nf4 22. b3 e5 23. g3 Nd5 24. dxe5 Nxc3 25. Nc4 Rd5 26.
exd6 b5 27. Nb6 1-0

[Event "Early-Titled-Tuesday-Blitz-March-19-2024"]
[Site "Chess.com"]
[Date "2024.03.19"]
[Round "4"]
[White "diamonds13"]
[Black "Rutricks"]
[Result "0-1"]
[WhiteElo "2346"]
[BlackElo "2710"]
[TimeControl "180+1"]
[EndTime "8:36:53 PDT"]
[Termination "Rutricks won by resignation"]

1. d4 g6 2. e4 Bg7 3. c3 c6 4. Bd3 d5 5. e5 f6 6. f4 Nh6 7.
h3 O-O 8. Nf3 fxe5 9. fxe5 c5 10. Bg5 Nc6 11. Nbd2 a5 12. Qe2 cxd4 13. cxd4 Qb6 14.
Nb3 a4 15. Nc5 Nxd4 16. Nxd4 Qxc5 17. Nf3 Nf5 18. Rc1 Qb6 19. Bxf5 Bxf5 20. Be3 Qb4+ 21. Qd2 Qb5 22. Nd4 Qa6 23. e6 Be4 24. Qe2 Qd6 25. Qg4 Qb4+ 26. Rc3 Bxd4 0-1

[Event "Early-Titled-Tuesday-Blitz-March-19-2024"]
[Site "Chess.com"]
[Date "2024.03.19"]
[Round "4"]
[White "Schattman"]
[Black "Kimkibo"]
[Result "0-1"]
[WhiteElo "2498"]
[BlackElo "2276"]
[TimeControl "180+1"]
[EndTime "8:36:54 PDT"]
[Termination "Kimkibo won on time"]

1. b3 Nf6 2. Bb2 d5 3. Nf3 e6 4. e3 b6 5. c4 Bb7 6. cxd5 exd5 7.
Bb5+ c6 8. Be2 Nbd7 9. O-O Bd6 10. d4 O-O 11. Ne5 Ne4 12. Nd2 c5 13. Nxe4 dxe4 14.
Nxd7 Qxd7 15. dxc5 bxc5 16. Qd2 Bxh2+ 0-1

[Event "Early-Titled-Tuesday-Blitz-March-19-2024"]
[Site "Chess.com"]
[Date "2024.03.19"]
[Round "4"]
[White "Kaissa10"]
[Black "MuhittinBuker"]
[Result "0-1"]
[WhiteElo "2287"]
[BlackElo "2104"]
[TimeControl "180+1"]
[EndTime "8:36:57 PDT"]
[Termination "MuhittinBuker won by resignation"]

1. e4 e5 2. Nf3 Nc6 3. Bb5 a6 4. Ba4 Nf6 5. d3 b5 6. Bb3 Be7 7. c3 d6 8. O-O Na5 9. Bc2 c5 10. a4 Rb8 11. h3 O-O 12. Be3 b4 13. d4 Qc7 14. Nbd2 Be6 15. Bd3 bxc3 16. bxc3 c4 17.
Bc2 Rb2 18. Re1 Rfb8 19. Nf1 Nb3 20. N1d2 Nxa1 0-1

[Event "Early-Titled-Tuesday-Blitz-March-19-2024"]
[Site "Chess.com"]
[Date "2024.03.19"]
[Round "4"]
[White "mitrabhaa"]
[Black "VitaliyBernadskiy"]
[Result "0-1"]
[WhiteElo "3068"]
[BlackElo "2881"]
[TimeControl "180+1"]
[EndTime "8:37:00 PDT"]
[Termination "VitaliyBernadskiy won by resignation"]

1. Nf3 d5 2. c4 c6 3. cxd5 cxd5 4. d4 Nc6 5. Nc3 Nf6 6. Bf4 Bf5 7. Rc1 e6 8. e3 Bd6 9. Bg5 O-O 10. Be2 Rc8 11. O-O h6 12. Bh4 Be7 13. Na4 Ne4 14. Bxe7 Qxe7 15.
Nd2 Qg5 16. Bf3 Nxd4 17. Rxc8 Rxc8 18. Bxe4 Rc1 19. f4 Rxd1 20. fxg5 Rxd2 21. Bxf5 Nxf5 22. gxh6 Nxe3 23. h7+ Kxh7 24. Rxf7 Rd1+ 0-1

[Event "Early-Titled-Tuesday-Blitz-March-19-2024"]
[Site "Chess.com"]
[Date "2024.03.19"]
[Round "4"]
[White "yosephtaher"]
[Black "Alexei_Gubajdullin"]
[Result "1-0"]
[WhiteElo "2962"]
[BlackElo "2657"]
[TimeControl "180+1"]
[EndTime "8:37:00 PDT"]
[Termination "yosephtaher won by resignation"]

1. d4 Nf6 2. Nc3 d5 3. Bf4 a6 4. e3 g6 5. h4 h6 6. Nf3 Bg7 7. Ne5 b6 8. Qd2 Bb7 9. f3 Nbd7 10. O-O-O Nxe5 11. Bxe5 h5 12. Kb1 Qd7 13. e4 dxe4 14. fxe4 O-O 15. Bc4 Ng4 16. Bxg7 Kxg7 17. Rhf1 e5 18.
Bd5 c6 19. Bb3 exd4 20. Na4 Rad8 21. Nxb6 Qe7 22. Nc4 Qxh4 23. Qb4 Bc8 24. Nd6 Qg5 25. Nxf7 Ne3 26. Nxg5 Rxf1 27. Rxf1 Nxf1 28. Qe7+ 1-0

[Event "Early-Titled-Tuesday-Blitz-March-19-2024"]
[Site "Chess.com"]
[Date "2024.03.19"]
[Round "4"]
[White "Pikku_Myy73"]
[Black "dianamirza"]
[Result "1-0"]
[WhiteElo "2273"]
[BlackElo "1995"]
[TimeControl "180+1"]
[EndTime "8:37:05 PDT"]
[Termination "Pikku_Myy73 won by resignation"]

1. d4 Nf6 2. c4 c5 3. d5 b5 4. cxb5 a6 5. bxa6 g6 6. Nc3 Bxa6 7. Nf3 Bg7 8. e4 Bxf1 9. Kxf1 d6 10. g3 O-O 11. Kg2 Nbd7 12. h3 Qb6 13. Re1 Rfb8 14. e5 Nxe5 15. Nxe5 dxe5 16. Rxe5 c4 17. Rxe7 Ra5 18.
Bf4 Rd8 19. Bc7 Raxd5 20. Nxd5 Rxd5 21. Bxb6 Rxd1 22. Rxd1 1-0

[Event "Early-Titled-Tuesday-Blitz-March-19-2024"]
[Site "Chess.com"]
[Date "2024.03.19"]
[Round "4"]
[White "maciek_92"]
[Black "Lion-Al-Messi"]
[Result "1-0"]
[WhiteElo "2893"]
[BlackElo "2621"]
[TimeControl "180+1"]
[EndTime "8:37:06 PDT"]
[Termination "maciek_92 won by resignation"]

1. c4 c5 2. Nc3 Nc6 3. g3 g6 4. Bg2 Bg7 5. b3 e6 6. Bb2 Nge7 7. e3 O-O 8. Nge2 d6 9. O-O Nf5 10. d3 Bd7 11. Qd2 a6 12. Rac1 Rb8 13. f4 b5 14. Ne4 Bxb2 15. Qxb2 f6 16. Qd2 Qe7 17.
N2c3 Rfd8 18. Qf2 Be8 19. g4 Ng7 20. g5 Nh5 21. gxf6 Nxf6 22. Nxf6+ Qxf6 23. Ne4 Qe7 24. Qb2 Qg7 25. Qf2 Nb4 26. Qh4 Nxd3 27. Rcd1 Nb4 28.
Bh3 Bf7 29. Nxd6 bxc4 30. Nxf7 Rxd1 31. Nh6+ Qxh6 32. Qxh6 Rxf1+ 33. Kxf1 c3 34. Bxe6+ Kh8 35. Qg5 1-0

[Event "Early-Titled-Tuesday-Blitz-March-19-2024"]
[Site "Chess.com"]
[Date "2024.03.19"]
[Round "4"]
[White "stollenmonster"]
[Black "nihalsarin"]
[Result "0-1"]
[WhiteElo "2917"]
[BlackElo "3179"]
[TimeControl "180+1"]
[EndTime "8:37:09 PDT"]
[Termination "nihalsarin won by resignation"]

1. e4 a6 2. g3 d5 3. Bg2 dxe4 4. Bxe4 Nf6 5. Bg2 e5 6. Nc3 Nc6 7. h3 Bf5 8. d3 h6 9. Nge2 Bd6 10. g4 Be6 11. f4 exf4 12. Nxf4 Bd7 13. O-O O-O 14. Ne4 Nxe4 15. Bxe4 f5 16. Bd5+ Kh7 17. g5 Qxg5+ 18. Kh1 Qh4 19. Qf3 Nd4 20. Qg2 g5 21. c3 gxf4 22.
cxd4 Rg8 23. Qh2 f3 0-1

[Event "Early-Titled-Tuesday-Blitz-March-19-2024"]
[Site "Chess.com"]
[Date "2024.03.19"]
[Round "4"]
[White "emeli_chess"]
[Black "bulletteemo"]
[Result "0-1"]
[WhiteElo "2415"]
[BlackElo "2586"]
[TimeControl "180+1"]
[EndTime "8:37:10 PDT"]
[Termination "bulletteemo won by checkmate"]

1. d4 Nf6 2. c4 e6 3. Nc3 Bb4 4. Qc2 d5 5. cxd5 Qxd5 6. e3 c5 7. Bd2 Bxc3 8. Bxc3 cxd4 9. Bxd4 O-O 10. Bxf6 gxf6 11. Ne2 Nc6 12. Nc3 Qg5 13. a3 f5 14.
g3 Bd7 15. O-O-O Rfd8 16. f4 Qg7 17. Be2 Rac8 18. Rhg1 Be8 19. g4 Rxd1+ 20. Qxd1 Kh8 21. gxf5 Qf6 22. Qd6 Ne7 23. fxe6 Rxc3+ 24. bxc3 Qxc3+ 25. Kd1 Ba4# 0-1

[Event "Early-Titled-Tuesday-Blitz-March-19-2024"]
[Site "Chess.com"]
[Date "2024.03.19"]
[Round "4"]
[White "picturesquecheck"]
[Black "fandebobbyfischer"]
[Result "0-1"]
[WhiteElo "2434"]
[BlackElo "2691"]
[TimeControl "180+1"]
[EndTime "8:37:12 PDT"]
[Termination "fandebobbyfischer won by resignation"]

1. e4 e6 2. d4 d5 3. Nc3 Bb4 4. exd5 exd5 5. Bd3 Nf6 6. Ne2 O-O 7. O-O h6 8. h3 c5 9. dxc5 Bxc5 10. Bf4 Nc6 11.
Bh2 a6 12. Nf4 Bd4 13. Be2 Bxc3 14. bxc3 Qa5 15. Bf3 Be6 16. Ne2 Ne4 17. Qd3 Rfe8 18. Rfd1 Qc5 19. Nd4 Nxc3 20. Nxe6 Rxe6 21. Bxd5 Nxd5 22.
Qxd5 Re1+ 0-1

[Event "Early-Titled-Tuesday-Blitz-March-19-2024"]
[Site "Chess.com"]
[Date "2024.03.19"]
[Round "4"]
[White "Legendinunknown"]
[Black "MKlose11"]
[Result "1-0"]
[WhiteElo "2827"]
[BlackElo "2592"]
[TimeControl "180+1"]
[EndTime "8:37:15 PDT"]
[Termination "Legendinunknown won by resignation"]

1. d4 Nf6 2. c4 c5 3. d5 b5 4. Nd2 bxc4 5. e4 d6 6. Bxc4 g6 7. Ngf3 Bg7 8. O-O O-O 9. Rb1 Ba6 10. b3 Nfd7 11. Qc2 Nb6 12. Bb2 Bxc4 13. bxc4 N8d7 14. Bxg7 Kxg7 15. Ne1 Rb8 16. Nd3 f6 17. Nf4 Qc8 18. Ne6+ Kg8 19. Nxf8 Nxf8 20. Rb2 Qa6 21. Rfb1 Nfd7 22.
f4 Rf8 23. g3 Kg7 24. a4 Rd8 25. Rb5 Qxa4 26. Qxa4 Nxa4 27. Ra5 Nc3 28. Rb7 Kf8 29. Raxa7 Ke8 30. Kf2 f5 31. exf5 gxf5 32. Rb3 Ne4+ 33. Nxe4 fxe4 34. Ke3 Nf6 35. Rbb7 1-0

[Event "Early-Titled-Tuesday-Blitz-March-19-2024"]
[Site "Chess.com"]
[Date "2024.03.19"]
[Round "4"]
[White "bubeliang"]
[Black "Kostya0705"]
[Result "1-0"]
[WhiteElo "2796"]
[BlackElo "2573"]
[TimeControl "180+1"]
[EndTime "8:37:17 PDT"]
[Termination "bubeliang won by resignation"]

1. d4 Nf6 2. Nc3 d5 3. Bf4 a6 4. e3 c5 5. Nf3 Nc6 6. dxc5 Qa5 7. Bd3 Bg4 8. Be2 Qxc5 9. O-O e6 10. Ne5 Bxe2 11. Qxe2 Nxe5 12. Bxe5 Be7 13. Rad1 O-O 14.
e4 dxe4 15. Bxf6 Bxf6 16. Nxe4 Qe5 17. c3 Rfd8 18. Nxf6+ Qxf6 19. g3 h6 20. Qe4 Qe7 21.
Rfe1 Qc7 22. Kg2 Qb6 23. b3 Qc7 24. c4 b6 25. Qf3 g6 26. h4 h5 27. Qf6 Kf8 28. Rxd8+ Rxd8 29. Rxe6 Qb7+ 30. Kh2 1-0

[Event "Early-Titled-Tuesday-Blitz-March-19-2024"]
[Site "Chess.com"]
[Date "2024.03.19"]
[Round "4"]
[White "HanSchut"]
[Black "MikeSailer"]
[Result "0-1"]
[WhiteElo "2310"]
[BlackElo "2125"]
[TimeControl "180+1"]
[EndTime "8:37:18 PDT"]
[Termination "MikeSailer won by checkmate"]

1. e4 d5 2. exd5 Qxd5 3. Nc3 Qd6 4. d4 c6 5. Nf3 Bg4 6. h3 Bh5 7. g4 Bg6 8. Ne5 Nd7 9. Bf4 Nxe5 10. Bxe5 Qb4 11.
Qd2 e6 12. O-O-O Nf6 13. Kb1 O-O-O 14. Be2 Bd6 15. Bxd6 Qxd6 16. h4 h6 17. f4 Ne4 18.
Nxe4 Bxe4 19. Rhe1 Kb8 20. Qe3 Bh7 21. h5 Rd7 22. a3 Rhd8 23. Kc1 Qd5 24. c4 Qa5 25.
Qc3 Qa4 26. Qb4 Qc2# 0-1

[Event "Early-Titled-Tuesday-Blitz-March-19-2024"]
[Site "Chess.com"]
[Date "2024.03.19"]
[Round "4"]
[White "lluiss"]
[Black "UnTucopalaTimba"]
[Result "0-1"]
[WhiteElo "2248"]
[BlackElo "2005"]
[TimeControl "180+1"]
[EndTime "8:37:20 PDT"]
[Termination "UnTucopalaTimba won by resignation"]

1. Nf3 d5 2. d4 Nf6 3. c4 e6 4.
cxd5 exd5 5. Nc3 Bb4 6. Bg5 h6 7. Bxf6 Qxf6 8. e3 c6 9. Be2 O-O 10. a3 Bd6 11. b4 Re8 12. O-O a5 13. b5 Bf5 14. Na4 Qe7 15. Bd3 Bg4 16. bxc6 bxc6 17. h3 Bh5 18. g4 Bg6 19. Bxg6 fxg6 20. Qd3 Rf8 21. Nh4 Qxh4 22. Rab1 Qxh3 0-1

[Event "Early-Titled-Tuesday-Blitz-March-19-2024"]
[Site "Chess.com"]
[Date "2024.03.19"]
[Round "4"]
[White "ActorXu"]
[Black "Ticoluis"]
[Result "1/2-1/2"]
[WhiteElo "2827"]
[BlackElo "2479"]
[TimeControl "180+1"]
[EndTime "8:37:21 PDT"]
[Termination "Game drawn by repetition"]

1. e4 e5 2. Nf3 Nc6 3. Bc4 Nf6 4.
d3 Bc5 5. O-O d6 6. c3 a6 7. a4 Ba7 8. Nbd2 Ne7 9. Re1 Ng6 10.
Nf1 O-O 11. h3 Nh5 12. Nxe5 Qh4 13. g3 Nxg3 14. Nxg6 hxg6 15. Qf3 Nxf1 16. Rxf1 Bxh3 17. Re1 Bg4 18. Qg2 Bh3 19. Qf3 Bg4 20. Qg2 Bh3 21. Qh2 Qg4+ 22. Kh1 Qf3+ 23. Kg1 Qg4+ 24. Kh1 Qf3+ 25.
Kg1 Qg4+ 1/2-1/2

[Event "Early-Titled-Tuesday-Blitz-March-19-2024"]
[Site "Chess.com"]
[Date "2024.03.19"]
[Round "4"]
[White "MaxLeto"]
[Black "ChessFanNM"]
[Result "1-0"]
[WhiteElo "2514"]
[BlackElo "2268"]
[TimeControl "180+1"]
[EndTime "8:37:22 PDT"]
[Termination "MaxLeto won by resignation"]

1. g4 d5 2. Bg2 c6 3. c4 Nf6 4.
g5 Ne4 5. d3 Nc5 6. b4 Ne6 7.
cxd5 cxd5 8. Nc3 Nc7 9. Bf4 e6 10. Rc1 Bxb4 11. Qb3 Nc6 12. Kf1 Bxc3 13. Qxc3 O-O 14.
Nf3 Bd7 15. h4 Rc8 16. h5 Nb5 17.
Qb2 a5 18. Qxb5 Nd4 19. Qxb7 Rxc1+ 20. Bxc1 Nxf3 21. Bxf3 Bc8 22. Qb2 d4 23. h6 e5 24.
hxg7 Re8 25. Be4 1-0

[Event "Early-Titled-Tuesday-Blitz-March-19-2024"]
[Site "Chess.com"]
[Date "2024.03.19"]
[Round "4"]
[White "MetiForce"]
[Black "nikitakhoroshev"]
[Result "1-0"]
[WhiteElo "2922"]
[BlackElo "2692"]
[TimeControl "180+1"]
[EndTime "8:37:23 PDT"]
[Termination "MetiForce won by resignation"]

1. c4 Nf6 2. Nc3 g6 3. e4 d6 4.
d4 Bg7 5. Be2 O-O 6. Be3 e5 7.
d5 Na6 8. h4 h5 9. f3 Nc5 10. Nh3 Nh7 11. Ng5 f5 12. exf5 Bxf5 13. g4 hxg4 14. fxg4 Nxg5 15. Bxg5 Qd7 16. gxf5 Qxf5 17.
Qd2 e4 18. O-O-O Rae8 19. Rdf1 Qe5 20. Rxf8+ Rxf8 21. Rf1 Re8 22. Qf4 Rf8 23. Qxe5 Rxf1+ 24. Bxf1 Bxe5 25. Be3 Nd7 26. Nxe4 Kg7 27. Bh3 Nb6 28. Bxb6 axb6 29. Ng5 1-0

[Event "Early-Titled-Tuesday-Blitz-March-19-2024"]
[Site "Chess.com"]
[Date "2024.03.19"]
[Round "4"]
[White "Let_it_be_1"]
[Black "Kacparov"]
[Result "0-1"]
[WhiteElo "2624"]
[BlackElo "2916"]
[TimeControl "180+1"]
[EndTime "8:37:32 PDT"]
[Termination "Kacparov won by resignation"]

1. e4 c5 2. Nf3 e6 3. d4 cxd4 4. Nxd4 Nc6 5. Nc3 Qc7 6. Be2 a6 7. O-O Nf6 8. a4 Bb4 9. Nxc6 bxc6 10. Qd4 Bd6 11. f4 e5 12. Qf2 exf4 13. Bxf4 Bxf4 14. Qxf4 Qxf4 15. Rxf4 d6 16. Bc4 Ra7 17. Rd1 Ke7 18. Re1 Re8 19. a5 Kf8 20. Ne2 Rxe4 21.
Rxe4 Nxe4 22. Nd4 Nf6 23. Re3 c5 24. Nc6 Ra8 25. Re7 d5 26. Be2 Bd7 0-1

[Event "Early-Titled-Tuesday-Blitz-March-19-2024"]
[Site "Chess.com"]
[Date "2024.03.19"]
[Round "4"]
[White "MagnusCarlsen"]
[Black "PLAYER_2006_M"]
[Result "1-0"]
[WhiteElo "3269"]
[BlackElo "2933"]
[TimeControl "180+1"]
[EndTime "8:37:40 PDT"]
[Termination "MagnusCarlsen won by resignation"]

1. b4 Nf6 2. Bb2 g6 3. g3 Bg7 4.
Bg2 O-O 5. Nf3 d6 6. d4 a5 7. b5 c6 8. a4 cxb5 9. axb5 Nbd7 10. c4 Rb8 11. O-O b6 12. d5 Bb7 13. Nd4 Ne5 14. Qc2 Qc7 15. Nc6 Rbe8 16. Bxe5 dxe5 17. Nc3 Nd7 18. Rfd1 Kh8 19. Na4 e4 20. Rac1 f5 21.
Nxe7 Qd6 22. Nc6 Qa3 23. e3 h5 24. c5 Nxc5 25. Nxc5 bxc5 26. Qxc5 Qxc5 27. Rxc5 a4 28. d6 a3 29. d7 a2 30. dxe8=Q Rxe8 31.
Nd4 Ra8 32. Ra1 1-0

[Event "Early-Titled-Tuesday-Blitz-March-19-2024"]
[Site "Chess.com"]
[Date "2024.03.19"]
[Round "4"]
[White "Arystanner"]
[Black "Oleksandr_Bortnyk"]
[Result "0-1"]
[WhiteElo "2838"]
[BlackElo "3049"]
[TimeControl "180+1"]
[EndTime "8:37:44 PDT"]
[Termination "Oleksandr_Bortnyk won by resignation"]

1. e4 Nf6 2. e5 Nd5 3. d4 d6 4. c4 Nb6 5. exd6 exd6 6. h3 Be7 7. Nf3 O-O 8. Be2 Bf5 9. O-O Re8 10. Nc3 Bf6 11. Bf4 Nc6 12. Re1 h6 13. b3 a5 14.
Qd2 a4 15. Bf1 axb3 16. axb3 Rxe1 17. Rxe1 Ra3 18. Qb2 Ra8 19. Qd2 Qd7 20. c5 dxc5 21. dxc5 Qxd2 22. Bxd2 Nd7 23. Nd5 Nxc5 24. Nxf6+ gxf6 25. b4 Nd3 26. b5 Nxe1 27. bxc6 Nxf3+ 28. gxf3 bxc6 29. Bxh6 Ra1 0-1

[Event "Early-Titled-Tuesday-Blitz-March-19-2024"]
[Site "Chess.com"]
[Date "2024.03.19"]
[Round "4"]
[White "Korchmar_Vasiliy"]
[Black "GHANDEEVAM2003"]
[Result "1-0"]
[WhiteElo "2699"]
[BlackElo "3041"]
[TimeControl "180+1"]
[EndTime "8:37:45 PDT"]
[Termination "Korchmar_Vasiliy won by resignation"]

1. e4 a6 2. d4 g6 3. Bd3 Bg7 4. Nf3 d6 5. Be3 Nc6 6. h3 e5 7.
d5 Nce7 8. g4 f5 9. gxf5 gxf5 10.
exf5 Nxd5 11. Rg1 Qe7 12. Nc3 Nxc3 13. bxc3 Nf6 14. Ng5 Bh6 15. Bc4 Bxf5 16. Qf3 Bc8 17. Nf7 Bxe3 18. Nxh8 Bf4 19. Nf7 d5 20. Bxd5 Nxd5 21.
Qxd5 Qxf7 22. Rg8+ Ke7 23. Qd8+ Ke6 24. Re8+ Kf5 25.
Rf8 Qxf8 26. Qxf8+ Ke4 27. Rd1 b6 28. Rd8 1-0

[Event "Early-Titled-Tuesday-Blitz-March-19-2024"]
[Site "Chess.com"]
[Date "2024.03.19"]
[Round "4"]
[White "alvarorodriguezavila"]
[Black "noblerone"]
[Result "0-1"]
[WhiteElo "2338"]
[BlackElo "2540"]
[TimeControl "180+1"]
[EndTime "8:37:49 PDT"]
[Termination "noblerone won by resignation"]

1. e4 c5 2. d4 cxd4 3. c3 Nf6 4.
e5 Nd5 5. cxd4 e6 6. Nf3 d6 7.
Bc4 Be7 8. O-O O-O 9. Bxd5 exd5 10. Nc3 Be6 11. Bf4 Nc6 12. h3 dxe5 13. dxe5 d4 14. Ne4 Qb6 15. Qe2 Rad8 16. Rfd1 d3 17. Qxd3 Rxd3 18.
Rxd3 Bf5 19. Nfd2 Qxb2 20. Rb1 Qxb1+ 21. Nxb1 Bxe4 22. Rd1 Bxb1 23. Rxb1 b6 24. Rc1 Bc5 25. Kf1 h6 26. Bg3 Rd8 27. f4 Nb4 28. a3 Nd3 29. Rc4 Nb2 30. Rc2 Nd1 31. Ke2 Ne3 32. Rxc5 bxc5 33. Kxe3 Rb8 34. Ke4 Rb3 35. Kd5 Rxg3 36. Ke4 Rxa3 0-1

[Event "Early-Titled-Tuesday-Blitz-March-19-2024"]
[Site "Chess.com"]
[Date "2024.03.19"]
[Round "4"]
[White "djano"]
[Black "Zohid6"]
[Result "1-0"]
[WhiteElo "2634"]
[BlackElo "2864"]
[TimeControl "180+1"]
[EndTime "8:37:52 PDT"]
[Termination "djano won by resignation"]

1. e4 e5 2. Nf3 Nf6 3. d4 Nxe4 4. Bd3 Nc6 5. dxe5 d5 6. exd6 Nxd6 7. O-O Be7 8. Bf4 O-O 9. h3 Nb4 10. Be2 Bf5 11. Nd4 Bg6 12. a3 Nd5 13. Bh2 Bf6 14. c3 Re8 15. Nd2 a6 16. Bf3 c6 17. Re1 Qd7 18.
Qb3 b5 19. Nxc6 Qxc6 20. Bxd5 Qc5 21. Bxa8 Rxa8 22. Bxd6 Qxd6 23. Ne4 Bxe4 24. Rxe4 h5 25. Rd1 Qb6 26. Rd7 Rf8 27. Re8 Rxe8 28. Qxf7+ Kh7 29. Qxh5+ Kg8 30. Qxe8+ Kh7 31. Qe4+ Kg8 32. Qd5+ Kh7 33. Qd6 1-0

[Event "Early-Titled-Tuesday-Blitz-March-19-2024"]
[Site "Chess.com"]
[Date "2024.03.19"]
[Round "4"]
[White "2KTNGO"]
[Black "Viktor_Poddubnyi"]
[Result "1-0"]
[WhiteElo "2528"]
[BlackElo "2306"]
[TimeControl "180+1"]
[EndTime "8:38:02 PDT"]
[Termination "2KTNGO won by resignation"]

1. d4 g6 2. Nf3 Bg7 3. c4 c5 4. Nc3 cxd4 5. Nxd4 Nc6 6. Nb3 d6 7. Be3 Be6 8. c5 Nf6 9. cxd6 exd6 10. Bf4 O-O 11.
e3 d5 12. Be2 Ne4 13. Nxe4 dxe4 14. Qc2 Rc8 15. Rd1 Qb6 16. Qc5 Bxb2 17. O-O Bxb3 18. Qxb6 axb6 19. axb3 Rfd8 20. Bc4 Na5 21. Bd5 Rc5 22.
Bxf7+ Kxf7 23. Rxd8 1-0

[Event "Early-Titled-Tuesday-Blitz-March-19-2024"]
[Site "Chess.com"]
[Date "2024.03.19"]
[Round "4"]
[White "the_chess_child"]
[Black "DenLaz"]
[Result "0-1"]
[WhiteElo "2865"]
[BlackElo "3082"]
[TimeControl "180+1"]
[EndTime "8:38:03 PDT"]
[Termination "DenLaz won by checkmate"]

1. e4 c5 2. Nf3 e6 3. d4 cxd4 4.
Nxd4 Nc6 5. Nc3 Qc7 6. Be3 a6 7. g4 h6 8. h4 Nf6 9. f4 Bb4 10. Qf3 d5 11. e5 Ne4 12. Ne2 Qa5 13. Bg2 Nxc3 14. bxc3 Bxc3+ 15. Nxc3 Qxc3+ 16. Kf2 d4 17. Bc1 Qxa1 18. Ba3 Qc3 19. Qxc3 dxc3 20. Rb1 f6 21. Bd6 fxe5 22. fxe5 Rf8+ 23. Ke3 Ne7 24. Be4 Nd5+ 25. Kd3 Rf2 26. g5 b5 27. gxh6 Rd2# 0-1

[Event "Early-Titled-Tuesday-Blitz-March-19-2024"]
[Site "Chess.com"]
[Date "2024.03.19"]
[Round "4"]
[White "SamCopeland"]
[Black "cthake"]
[Result "1-0"]
[WhiteElo "2367"]
[BlackElo "1796"]
[TimeControl "180+1"]
[EndTime "8:38:03 PDT"]
[Termination "SamCopeland won by resignation"]

1. e4 e6 2. d4 d5 3. e5 c5 4.
c3 Nc6 5. Nf3 Bd7 6. Bd3 cxd4 7.
O-O Rc8 8. Re1 dxc3 9. bxc3 Nge7 10. h4 h6 11. h5 Na5 12. Ba3 Nc4 13. Qb3 Nxa3 14.
Nxa3 b6 15. Nb5 Bxb5 16. Bxb5+ Nc6 17. Qa4 Qc7 18. Nd4 Kd7 19. Nxc6 a6 20. Nb8+ Kd8 21.
Nxa6 Qa7 22. c4 Bc5 23. cxd5 exd5 24. Nxc5 Qxa4 25. Nxa4 Rc2 1-0

[Event "Early-Titled-Tuesday-Blitz-March-19-2024"]
[Site "Chess.com"]
[Date "2024.03.19"]
[Round "4"]
[White "gpsji27"]
[Black "Aradhya2000"]
[Result "0-1"]
[WhiteElo "2362"]
[BlackElo "2710"]
[TimeControl "180+1"]
[EndTime "8:38:04 PDT"]
[Termination "Aradhya2000 won by resignation"]

1. d4 d5 2. Nf3 Nf6 3. Bg5 Ne4 4. Bh4 c5 5. e3 Nc6 6. Nbd2 Bg4 7.
c3 f6 8. h3 Bh5 9. Bd3 g5 10. Bg3 Nxg3 11. fxg3 Bg7 12. dxc5 Qc7 13. g4 Qg3+ 14. Kf1 Bg6 15. Bxg6+ hxg6 16. Qe1 Qc7 17. e4 O-O-O 18. Rd1 d4 19. cxd4 Nxd4 20. Nxd4 Rxd4 21. Nb3 Qf4+ 22. Kg1 Rxe4 23. Qd2 Qxd2 24. Rxd2 f5 25.
gxf5 gxf5 26. Kf2 g4 27. h4 Be5 28. g3 f4 29. gxf4 Bxf4 30. Re2 Bg3+ 31. Kxg3 Rxe2 32. Kxg4 Rxb2 0-1

[Event "Early-Titled-Tuesday-Blitz-March-19-2024"]
[Site "Chess.com"]
[Date "2024.03.19"]
[Round "4"]
[White "gorgeous1083"]
[Black "javierfreilemartin"]
[Result "0-1"]
[WhiteElo "2065"]
[BlackElo "2303"]
[TimeControl "180+1"]
[EndTime "8:38:05 PDT"]
[Termination "javierfreilemartin won on time"]

1. d4 Nf6 2. c4 g6 3. Nf3 Bg7 4. Nc3 d6 5. e4 O-O 6. Be2 e5 7. Be3 exd4 8. Nxd4 Re8 9. f3 c6 10.
O-O d5 11. Bg5 Qb6 12. Be3 Qxb2 13. Rc1 dxe4 14. fxe4 Nxe4 15. Na4 Qa3 16. Qb3 Qd6 17. Nf3 b5 18. c5 bxa4 0-1